Map: Eternal Empire LE

Players

uwuThermal (uThermal)

  • Race: Terran Terran
  • League: Grandmaster
  • Spawn Location: 7:00

HeroMarine - Winner!

  • Race: Terran Terran
  • Spawn Location: 1:00

Event: DreamHack SC2 Masters 2020 Fall

VOD

Have the link to the VOD?

Description

Time

  • Played on: Aug. 30, 2020, 3 p.m.
  • Length: 21:37

All games in this series

Show
View Real Time Build Order
Export as new Build Order

uwuThermal Terran 

Build Orders: Reaper Expand 

Get SALT Encoding   

  12  0:00  SCV  
  13  0:12  SCV  
  14  0:17  Supply Depot  
  14  0:24  SCV  
  15  0:39  SCV  
  15  0:40  Barracks  
  16  0:44  Refinery  
  16  0:51  SCV  
  17  1:03  SCV  
  18  1:15  SCV  
  19  1:28  Reaper, Orbital Command  
  20  1:43  Command Center  
  20  1:55  SCV  
  20  1:56  Supply Depot  
  20  2:00  Marine  
  22  2:07  SCV  
  22  2:11  Factory  
  22  2:19  SCV  
  22  2:21  Barracks Reactor  
  23  2:24  Bunker  
  23  2:28  Refinery  
  23  2:31  SCV  
  24  2:43  SCV  
  25  2:55  SCV, Hellion  
  25  2:56  Orbital Command  
  28  2:58  Starport  
  28  3:02  Marine  
  29  3:05  Marine  
  29  3:08  SCV  
  27  3:20  SCV, Marine  
  27  3:24  SCV, Factory Tech Lab  
  27  3:26  Marine  
  30  3:33  SCV  
  31  3:36  SCV  
  31  3:38  Marine  
  33  3:42  Cyclone  
  33  3:43  Marine  
  33  3:45  SCV  
  38  3:48  SCV  
  39  3:57  SCV  
  39  3:58  Starport Tech Lab  
  39  3:59  Supply Depot  
  39  4:01  SCV, Marine x2  
  43  4:09  SCV  
  44  4:13  SCV  
  45  4:20  Raven  
  45  4:22  Command Center  
  47  4:24  SCV  
  47  4:25  SCV  
  49  4:31  Supply Depot  
  49  4:34  Siege Tank  
  49  4:36  SCV  
  49  4:37  SCV  
  54  4:46  Refinery x2  
  54  4:52  Supply Depot, Marine x2  
  54  4:53  SCV x2  
  58  5:05  SCV x2  
  60  5:13  Starport Reactor, Siege Tank  
  63  5:16  Barracks x2  
  63  5:17  SCV  
  63  5:19  SCV  
  65  5:22  Marine  
  65  5:23  Stimpack  
  66  5:29  SCV  
  66  5:30  Supply Depot  
  66  5:31  SCV  
  68  5:36  Orbital Command  
  68  5:40  Marine  
  68  5:42  SCV  
  70  5:43  SCV  
  70  5:46  Siege Tank  
  74  5:54  Starport Reactor, Engineering Bay  
  74  5:57  SCV, Engineering Bay  
  75  5:59  SCV  
  75  6:00  Marine  
  77  6:05  Supply Depot  
  77  6:06  Marine x2  
  77  6:09  SCV, Orbital Command  
  80  6:11  Marine  
  80  6:12  SCV, Marine  
  83  6:19  Siege Tank  
  83  6:20  Supply Depot  
  83  6:21  SCV  
  83  6:23  Marine  
  83  6:24  SCV  
  89  6:26  Terran Infantry Weapons Level 1  
  89  6:28  Terran Infantry Armor Level 1  
  89  6:30  Orbital Command, Marine  
  90  6:33  SCV  
  90  6:37  Medivac  
  86  6:41  Medivac, Marine x2  
  86  6:42  Marine  
  89  6:47  Marine  
  89  6:48  Marine  
  89  6:51  Siege Tank  
  93  6:55  Supply Depot  
  93  6:59  Orbital Command, Marine x2  
  93  7:00  Marine  
  95  7:04  Combat Shield  
  95  7:05  Marine  
  95  7:08  Medivac, Marine  
  98  7:11  Medivac  
  101  7:17  Marine  
  101  7:21  Supply Depot, Marine  
  101  7:22  Barracks x2  
  103  7:26  Siege Tank  
  89  7:38  Medivac, Marine  
  89  7:40  Marine  
  89  7:41  Medivac  
  80  7:45  Orbital Command, Marine  
  80  7:46  Marine  
  80  7:47  SCV  
  80  7:49  SCV  
  83  7:56  Armory  
  83  7:57  Marine  
  83  7:59  SCV  
  83  8:01  SCV  
  83  8:02  Siege Tank  
  83  8:05  Marine  
  88  8:07  Marine  
  88  8:11  SCV x2  
  92  8:13  Barracks Reactor x2, SCV  
  92  8:14  Marine  
  92  8:18  Marine  
  95  8:23  SCV x2  
  95  8:25  SCV, Marine  
  99  8:27  Marine  
  99  8:32  Marine  
  101  8:34  Marine, Siege Tank  
  101  8:35  SCV x2  
  101  8:36  Marine  
  105  8:43  SCV, Marine  
  105  8:45  Marine, Terran Infantry Weapons Level 2  
  105  8:47  Terran Infantry Armor Level 2  
  107  8:49  SCV x2  
  107  8:52  Marine x2  
  107  8:54  Marine  
  107  8:55  Refinery x2  
  112  8:57  Marine x2  
  112  8:58  Marine  
  113  9:04  Marine x2  
  113  9:08  Siege Tank  
  119  9:11  SCV  
  119  9:12  Marine  
  119  9:15  Terran Vehicle Weapons Level 1  
  119  9:16  Supply Depot x2  
  121  9:17  Marine x2  
  121  9:18  Marine  
  121  9:22  Supply Depot, Marine  
  125  9:27  Marine  
  125  9:30  Supply Depot  
  125  9:37  SCV, Marine x5  
  131  9:40  Medivac x2, Marine x2  
  131  9:41  Supply Depot  
  131  9:44  Siege Tank  
  140  9:47  Marine  
  140  9:49  Marine  
  140  9:52  SCV  
  143  9:53  Supply Depot  
  143  9:56  SCV, Marine x2  
  146  10:03  Marine  
  146  10:04  Marine  
  146  10:06  Marine  
  131  10:11  Marine  
  131  10:12  Medivac  
  131  10:13  Marine  
  131  10:14  Marine  
  114  10:15  Marine  
  114  10:17  Marine  
  105  10:21  Marine  
  105  10:22  Command Center, Siege Tank  
  105  10:24  Marine  
  105  10:27  Marine  
  111  10:31  Marine  
  111  10:33  Medivac, Sensor Tower  
  111  10:35  Marine x3  
  116  10:39  Marine  
  117  10:45  Marine  
  116  10:50  Marine x2  
  116  10:51  Marine  
  116  10:52  Marine  
  116  10:53  Marine  
  116  10:54  Siege Tank  
  116  10:55  Factory  
  116  10:57  Marine x2  
  125  10:58  SCV  
  125  11:00  Marine  
  125  11:03  Marine  
  132  11:07  Terran Infantry Weapons Level 3  
  132  11:08  Marine x2  
  132  11:09  Marine  
  132  11:10  Terran Infantry Armor Level 3, Marine x2  
  133  11:14  Marine  
  133  11:15  Marine  
  133  11:16  Missile Turret x3  
  133  11:18  Marine  
  136  11:21  SCV  
  136  11:23  SCV  
  136  11:24  Marine  
  139  11:25  Marine  
  139  11:27  Marine, Siege Tank  
  139  11:28  Marine x2  
  139  11:29  Marine  
  146  11:35  Marine x2  
  146  11:38  SCV  
  149  11:40  Marine  
  149  11:41  Marine  
  149  11:43  Marine  
  149  11:44  Factory Tech Lab  
  149  11:45  Medivac  
  154  11:48  Marine x2  
  154  11:49  SCV  
  154  11:53  Marine x2  
  159  11:57  Marine  
  159  11:59  Siege Tank  
  163  12:04  Marine  
  163  12:05  Marine, Siege Tank  
  163  12:07  Planetary Fortress  
  168  12:09  Marine  
  168  12:10  SCV, Medivac, Marine  
  168  12:12  Marine  
  168  12:14  Marine x2  
  176  12:18  Marine  
  178  12:27  Command Center  
  178  12:29  Supply Depot  
  176  12:30  Medivac  
  176  12:31  Marine x2  
  179  12:37  Marine  
  179  12:40  Medivac, Marine x2  
  179  12:41  Marine x2  
  179  12:44  Marine  
  179  12:47  Supply Depot  
  179  12:49  Marine x2  
  179  12:50  Marine  
  183  12:52  Siege Tank  
  183  12:56  Marine  
  187  12:58  Siege Tank  
  187  13:00  Marine  
  191  13:06  Marine x2  
  193  13:17  Marine  
  193  13:19  Command Center  
  194  13:25  Marine, Siege Tank  
  194  13:26  Starport  
  198  13:28  Starport  
  198  13:34  Marine  
  198  13:40  Terran Vehicle Weapons Level 2  
  199  13:42  Starport  
  199  13:43  Starport  
  199  13:47  Marine x2  
  199  13:48  Siege Tank  
  199  13:49  Marine x2  
  199  13:52  Viking, Refinery  
  199  13:54  Viking  
  195  13:57  Siege Tank  
  195  13:59  Planetary Fortress  
  195  14:00  Marine x2  
  200  14:08  Marine x2  
  198  14:12  Marine x2  
  190  14:17  Marine x4  
  190  14:20  Siege Tank  
  190  14:23  Medivac  
  197  14:26  SCV  
  197  14:27  Marine  
  198  14:33  SCV  
  198  14:34  Marine  
  198  14:37  Orbital Command  
  199  14:49  SCV  
  199  15:04  Marine  
  200  15:12  Starport Reactor x2  
  200  15:13  Armory, Starport Reactor x2  
  200  15:28  Refinery  
  200  15:30  Missile Turret  
  200  15:32  Missile Turret  
  200  15:33  Unknown  
  200  15:39  Fusion Core  
  192  15:50  Marine  
  192  15:51  Viking x3  
  192  15:54  Viking  
  192  15:56  Marine  
  199  16:05  Terran Ship Weapons Level 1, Terran Vehicle And Ship Armor Level 1  
  199  16:06  Hi-Sec Auto Tracking, Neosteel Armor  
  199  16:08  Marine  
  200  16:11  Command Center  
  200  16:12  Command Center  
  200  16:28  Command Center  
  200  16:29  Command Center  
  195  16:45  Marine  
  185  16:49  Marine  
  185  16:50  Siege Tank  
  128  17:03  Siege Tank  
  128  17:05  Viking x5  
  128  17:06  Marine  
  111  17:22  SCV, Siege Tank  
  104  17:24  Marine  
  101  17:30  Orbital Command, Marine x4  
  101  17:31  Marine x4  
  101  17:34  SCV  
  101  17:35  Orbital Command  
  109  17:37  SCV  
  109  17:42  Marine  
  113  17:47  Orbital Command  
  111  17:51  Marine  
  111  17:52  Marine x2, Siege Tank  
  111  17:57  Medivac, Marine x2  
  121  17:58  Marine  
  121  18:01  Marine x2  
  121  18:04  Marine  
  122  18:07  Siege Tank  
  122  18:09  Marine x2  
  127  18:13  Rapid Reignition System  
  127  18:14  Marine  
  127  18:15  Marine x2  
  127  18:16  Marine  
  127  18:19  Medivac, Marine  
  134  18:20  Marine  
  134  18:21  Marine  
  134  18:23  Planetary Fortress  
  136  18:27  Marine, Siege Tank  
  136  18:29  Marine  
  136  18:33  Marine  
  136  18:34  Marine x3  
  142  18:35  Medivac  
  142  18:38  Marine  
  148  18:44  Marine  
  148  18:45  Marine  
  148  18:48  Siege Tank  
  153  18:49  Medivac, Marine  
  153  18:50  Medivac, Marine x2  
  153  18:51  Medivac  
  153  18:52  Marine  
  153  18:54  Marine  
  153  18:55  Marine  
  158  19:00  Marine, Siege Tank  
  158  19:02  Viking x2  
  166  19:04  Marine x2  
  166  19:09  Viking, Marine  
  171  19:11  Terran Ship Weapons Level 2  
  171  19:12  Marine  
  171  19:13  Marine  
  171  19:16  Marine  
  174  19:20  Siege Tank  
  174  19:21  Marine  
  178  19:26  Marine  
  178  19:30  Marine x2  
  181  19:32  Siege Tank  
  181  19:33  Viking x2  
  181  19:36  Viking  
  190  19:39  Missile Turret  
  190  19:41  Viking  
  190  19:42  Orbital Command  
  190  19:43  Marine  
  190  19:44  Missile Turret  
  193  19:46  Marine  
  193  19:49  Marine x4  
  193  19:52  Marine  
  198  20:02  Marine, Sensor Tower  
  198  20:03  Sensor Tower  
  199  20:11  Marine  
  197  20:15  Viking x3  
  197  20:18  Orbital Command  
  197  20:20  Marine x2  
  196  20:44  Marine  
  196  20:48  Siege Tank  
  196  20:51  Marine  
  186  20:59  Siege Tank  
  186  21:00  Marine  
  170  21:07  Marine  
  170  21:09  Marine  
  170  21:10  Marine x6  
  138  21:17  Marine  
Show
View Real Time Build Order
Export as new Build Order

HeroMarine Terran - Winner!

Build Orders:  

Get SALT Encoding   

  12  0:00  SCV  
  13  0:12  SCV  
  14  0:17  Supply Depot  
  14  0:24  SCV  
  15  0:39  SCV  
  15  0:40  Barracks  
  16  0:43  Refinery  
  16  0:51  SCV  
  16  0:54  Refinery  
  17  1:03  SCV  
  18  1:15  SCV  
  19  1:27  Reaper, Orbital Command  
  19  1:28  Supply Depot  
  20  1:43  Factory  
  20  1:53  SCV  
  21  1:59  Reaper  
  22  2:05  SCV  
  23  2:17  SCV  
  23  2:21  Command Center  
  24  2:28  Hellion  
  24  2:29  SCV  
  27  2:32  Reaper  
  27  2:36  Supply Depot  
  28  2:41  SCV  
  29  2:50  Hellion  
  31  2:54  Starport  
  31  2:58  SCV  
  32  3:06  Barracks Reactor  
  32  3:10  SCV  
  33  3:22  SCV  
  33  3:23  Factory Tech Lab  
  32  3:30  Refinery  
  32  3:34  SCV, Starport Tech Lab  
  32  3:35  Orbital Command  
  33  3:41  Cyclone  
  33  3:42  Marine x2  
  33  3:46  SCV  
  37  3:54  Raven  
  36  3:58  SCV  
  36  4:00  SCV, Marine x2  
  40  4:11  SCV  
  40  4:12  SCV  
  40  4:13  Siege Tank  
  40  4:14  Supply Depot  
  45  4:18  Marine x2  
  45  4:23  SCV  
  48  4:24  SCV  
  49  4:35  SCV, Marine x2  
  49  4:36  SCV  
  49  4:37  Raven  
  55  4:46  Siege Tank  
  55  4:47  SCV  
  55  4:48  SCV  
  55  4:50  Command Center  
  60  4:53  Supply Depot  
  60  4:59  SCV  
  61  5:00  SCV  
  61  5:02  Refinery  
  62  5:14  SCV x2  
  62  5:16  Supply Depot  
  62  5:18  Siege Tank  
  67  5:26  SCV x2  
  69  5:29  Supply Depot  
  69  5:32  Marine  
  70  5:37  Viking x2, Stimpack  
  70  5:38  Supply Depot  
  70  5:39  SCV x2  
  76  5:50  Marine  
  76  5:51  SCV x2  
  76  5:52  Siege Tank  
  76  5:55  Barracks  
  82  5:57  Barracks  
  82  6:04  Orbital Command  
  82  6:07  Viking x2  
  88  6:11  Marine  
  88  6:15  SCV  
  88  6:16  SCV, Engineering Bay  
  88  6:17  Engineering Bay  
  89  6:27  SCV  
  89  6:28  SCV  
  89  6:29  Marine  
  92  6:37  Viking x2  
  97  6:40  SCV x2  
  92  6:47  Siege Tank  
  92  6:52  SCV x2  
  98  6:54  Terran Infantry Weapons Level 1  
  98  6:55  Orbital Command  
  99  7:03  Barracks Reactor x2  
  99  7:04  SCV x2  
  99  7:05  Marine  
  99  7:07  Viking, Liberator  
  105  7:12  Terran Infantry Armor Level 1  
  105  7:16  SCV x2  
  105  7:21  SCV  
  108  7:23  Marine  
  108  7:24  Bunker  
  108  7:25  Supply Depot  
  108  7:28  SCV x2  
  111  7:31  Bunker  
  111  7:33  SCV  
  102  7:40  SCV x2  
  102  7:41  Marine  
  102  7:42  Marine  
  102  7:43  Marine x3  
  97  7:44  Siege Tank  
  97  7:45  SCV  
  93  7:52  SCV x2, Refinery  
  93  7:53  Refinery  
  93  7:56  Medivac  
  93  7:57  Medivac  
  93  7:58  SCV, Combat Shield  
  100  7:59  Marine  
  100  8:00  Marine  
  100  8:01  Marine x3  
  100  8:04  SCV  
  100  8:05  SCV  
  107  8:10  SCV  
  108  8:15  Barracks x2  
  108  8:16  SCV, Marine  
  108  8:17  Siege Tank  
  108  8:18  Missile Turret, Marine x2  
  108  8:19  Marine x2  
  117  8:30  Supply Depot, Sensor Tower  
  117  8:34  Medivac x2, Marine  
  117  8:36  Marine x2  
  117  8:37  Marine  
  125  8:41  SCV x2, Marine  
  128  8:52  Armory, Marine, Factory, Siege Tank  
  128  8:54  Marine x3  
  135  8:59  Marine  
  135  9:02  Command Center  
  135  9:08  Barracks Reactor x2  
  132  9:12  Marine x2  
  139  9:18  Barracks  
  139  9:19  Viking x2, Barracks  
  139  9:22  Marine x2  
  140  9:29  Supply Depot x2, Marine  
  140  9:30  Barracks Reactor, Marine  
  140  9:31  Siege Tank  
  145  9:39  Terran Infantry Armor Level 2, Marine, Terran Infantry Weapons Level 2  
  145  9:40  Marine  
  145  9:42  Terran Vehicle Weapons Level 1  
  145  9:43  Marine x2  
  149  9:50  Marine x3  
  149  9:51  Missile Turret x2  
  152  9:52  Sensor Tower  
  152  9:54  Marine  
  152  9:57  Marine x2  
  155  10:01  SCV, Marine x2  
  155  10:02  SCV x2  
  155  10:06  Marine  
  125  10:07  Marine  
  125  10:08  Marine x3  
  125  10:13  SCV  
  126  10:14  SCV x2  
  126  10:25  SCV, Medivac  
  126  10:26  SCV x2, Medivac  
  126  10:27  Siege Tank  
  126  10:28  Barracks Reactor x2  
  135  10:37  SCV  
  135  10:38  SCV x2  
  135  10:40  Unknown  
  136  10:46  Planetary Fortress, Siege Tank  
  136  10:49  SCV  
  139  10:50  SCV x2  
  139  10:51  Marine x6  
  139  10:52  Marine  
  147  10:59  Marine  
  147  11:01  SCV, Marine  
  147  11:02  SCV, Marine  
  147  11:04  Sensor Tower  
  152  11:07  SCV  
  152  11:09  Marine  
  154  11:13  Medivac x2  
  154  11:14  SCV, Siege Tank  
  154  11:15  Marine x2  
  154  11:16  SCV  
  165  11:19  SCV  
  166  11:26  SCV  
  166  11:31  Marine  
  167  11:33  Marine x7, Siege Tank  
  167  11:34  Marine  
  167  11:36  Marine x2  
  167  11:37  Marine  
  167  11:39  Marine x2  
  178  11:48  Supply Depot, Marine  
  178  11:49  Liberator x2  
  178  11:50  Siege Tank  
  188  11:59  Terran Infantry Weapons Level 3  
  188  12:01  Terran Infantry Armor Level 3  
  188  12:09  Marine  
  188  12:11  Supply Depot  
  188  12:13  Command Center  
  184  12:27  Marine x12  
  184  12:28  Starport  
  194  12:30  Starport  
  194  12:31  Marine x2  
  194  12:32  Viking x2  
  198  12:39  Terran Ship Weapons Level 1  
  197  12:55  Fusion Core  
  197  12:57  Armory  
  197  13:02  Viking  
  199  13:06  Command Center  
  198  13:24  Starport Reactor  
  198  13:25  Starport Reactor  
  198  13:29  Command Center  
  198  13:45  Marine  
  198  13:46  Marine x6  
  198  13:50  Siege Tank  
  200  14:01  Refinery  
  200  14:04  Refinery, Terran Vehicle And Ship Armor Level 1, Missile Turret  
  200  14:05  Missile Turret x2  
  200  14:09  Siege Tank  
  199  14:10  Marine  
  199  14:14  Liberator  
  187  14:24  Viking x2, Liberator x2  
  187  14:25  Marine x2  
  187  14:26  Marine  
  199  14:32  Marine  
  200  14:42  Orbital Command  
  200  14:44  Advanced Ballistics, Orbital Command  
  200  14:46  Terran Ship Weapons Level 2  
  200  14:48  Liberator  
  200  15:12  Orbital Command  
  200  15:14  Unknown  
  199  15:32  Missile Turret, Refinery  
  199  15:33  Missile Turret  
  199  15:35  Refinery  
  199  15:36  Command Center x2  
  199  15:47  Hi-Sec Auto Tracking, Neosteel Armor  
  190  15:51  Liberator, Siege Tank x2  
  190  15:52  Viking x2, Liberator x2  
  190  15:55  Viking  
  200  16:05  Missile Turret  
  199  16:14  Terran Vehicle And Ship Armor Level 2  
  194  16:19  Missile Turret  
  194  16:20  Missile Turret  
  194  16:21  Starport  
  194  16:22  Viking x2, Starport  
  198  16:31  Command Center  
  198  16:32  Command Center  
  183  16:48  Siege Tank x2  
  183  16:49  Marine x9  
  183  16:50  Marine  
  189  16:57  Marine x4  
  189  16:58  Liberator x3  
  178  17:06  Marine  
  178  17:07  Marine x3  
  154  17:18  SCV x2  
  154  17:20  Siege Tank  
  154  17:21  Siege Tank  
  162  17:24  Smart Servos  
  162  17:29  Orbital Command  
  162  17:39  Planetary Fortress  
  162  17:42  Sensor Tower  
  162  17:46  Orbital Command  
  162  17:47  Orbital Command  
  160  17:52  Marine, Siege Tank  
  160  17:53  Siege Tank  
  160  17:56  Terran Ship Weapons Level 3  
  160  17:58  Marine x2  
  169  18:08  Command Center, Marine  
  169  18:09  Marine x2  
  170  18:15  Starport Reactor  
  170  18:16  Starport Reactor  
  170  18:17  Missile Turret  
  170  18:20  Viking  
  170  18:21  Liberator  
  170  18:22  Missile Turret  
  170  18:25  Siege Tank x2  
  170  18:27  Marine x3  
  181  18:31  Marine x3  
  181  18:32  Marine  
  181  18:34  Marine x2  
  189  18:35  Marine x2  
  190  18:46  SCV x2  
  190  18:47  SCV x2  
  190  18:48  SCV  
  189  18:51  SCV x2  
  189  18:53  SCV  
  190  19:00  Terran Vehicle And Ship Armor Level 3  
  190  19:04  Viking  
  190  19:08  Viking  
  190  19:09  Viking  
  196  19:13  Liberator  
  197  19:29  Command Center  
  197  19:34  Missile Turret  
  197  19:35  Missile Turret  
  192  19:53  Viking x3  
  198  20:08  Refinery  
  198  20:11  Refinery, Missile Turret  
  198  20:12  Missile Turret  
  198  20:13  Missile Turret x2  
  195  20:35  Planetary Fortress  
  195  20:37  Sensor Tower  
  195  20:46  Viking x2  
  199  20:55  Viking  
  198  21:01  Viking x3  
  195  21:05  Marine x6  
  195  21:09  Marine  
  195  21:10  Marine  

Tags
 
Add a new tag
Caveats
  • Supply blocks, unpowered buildings, or Contaminate may cause inaccurate times.
  • Supply counts are checked every 10 seconds.